 Dungeon Crawl Stone Soup version 0.31-a0-692-gf03d1854d5 (webtiles) character file.

Game seed: 1911728720624690186

36 Essalna the Conjurer (level 3, 24/24 HPs)
             Began as a Demonspawn Conjurer on Sept 7, 2023.
             Got out of the dungeon alive.
             The game lasted 00:01:44 (977 turns).

Essalna the Conjurer (Demonspawn Conjurer)           Turns: 977, Time: 00:01:45

Health: 24/24      AC:  2    Str:  7    XL:     3   Next: 19%
Magic:  6/7        EV: 12    Int: 21    God:
Gold:   38         SH:  0    Dex: 11    Spells: 6/7 levels left

rFire   . . .        c - +0 short sword
rCold   . . .        (no shield)
rNeg    . . .        a - +0 robe
rPois   .            (helmet restricted)
rElec   .            (no cloak)
rCorr   .            (no gloves)
SInv    .            (no boots)
Will    .....        (no amulet)
Stlth   ++           (no ring)
HPRegen 0.24/turn    (no ring)
MPRegen 0.10/turn

%: no passive effects
@: no status effects
A: antennae 1, powered by pain 1
a: no special abilities


You escaped.
You visited 1 branch of the dungeon, and saw 2 of its levels.

You collected 38 gold pieces.

Inventory:

Hand Weapons
 c - a +0 short sword (weapon)
Armour
 a - a +0 robe (worn)
Scrolls
 d - 2 scrolls of identify {unknown}
 f - a scroll of teleportation {unknown}
 g - a scroll of fog {unknown}
Potions
 b - 2 potions of magic
 e - a potion of curing {unknown}


   Skills:
 - Level 1.7 Dodging
 - Level 1.7 Stealth
 + Level 2.8 Spellcasting
 + Level 4.5 Conjurations


You had 6 spell levels left.
You knew the following spells:

 Your Spells              Type           Power      Damage    Failure   Level
a - Magic Dart            Conj           88%        1d7       1%          1

Your spell library contained the following spells:

 Spells                   Type           Power      Damage    Failure   Level
 Searing Ray              Conj           44%        2d6       3%          2
 Dazzling Flash           Conj/Hex       24%        N/A       16%         3
 Fulminant Prism          Conj/Hex       6%         3d7       45%         4
 Iskenderun's Mystic Bla  Conj/Tloc      12%        2d5       45%         4


Dungeon Overview and Level Annotations

Branches:
Dungeon (2/15)

Altars:


Innate Abilities, Weirdness & Mutations

You have a pair of small antennae on your head.
You sometimes gain a little power by taking damage.


Message History

Partly explored, can't reach some places.
Partly explored, can't reach some places.
Partly explored, can't reach some places.
Partly explored, can't reach some places.
Okay, then.
There is a stone staircase leading down here.
Key pressed, stopping explore.
Things that are here:
a +0 short sword; a stone
There is a large open door here.
Partly explored, can't reach some places.
Partly explored, can't reach some places.
Partly explored, can't reach some places.
Partly explored, can't reach some places.
There is a large open door here.
You see here a +0 club.
There is a stone staircase leading down here.
You climb downwards.
Found 4 large rocks and 2 bubbling coppery potions.
There is a stone staircase leading up here.
The magic dart hits the adder.
The adder is heavily wounded.
The jackal barks!
You hear an angry hiss.
A jackal comes into view. x2
The magic dart hits the adder.
The adder is severely wounded.
The jackal barks!
The magic dart hits the adder.
You kill the adder!
A rat comes into view.
You have reached level 3!
Your experience leads to an increase in your attributes!
Increase (S)trength, (I)ntelligence, or (D)exterity?
You feel clever. x2; Your demonic ancestry asserts itself...
A pair of antennae grows on your head!
You climb upwards.
There is a stone staircase leading down here.
There is a large open door here.
There is a staircase leading out of the dungeon here.
You have escaped!

###### ### #....
≈§≈≈§≈### #.####.##
§§≈≈§≈≈≈≈###..# #.#
≈≈≈≈#≈≈§≈≈###.###.#
≈≈≈≈≈≈≈≈###.#...#
≈≈≈≈§#≈§#......#
####§§≈≈§#......#
#>.§§§...'......#
#@.......'......#
####≈≈≈§≈#......#
≈≈≈≈≈#≈≈#......#
≈≈≈≈≈≈§§§#########
≈≈≈§#≈≈§§§#
≈≈≈≈≈§≈≈§##
#≈≈≈≈≈≈### ########


There were no monsters in sight!

Vanquished Creatures
  An adder (D:2)
  2 dart slugs (D:1)
  3 bats (D:1)
  3 endoplasms (D:1)
  2 giant cockroaches (D:1)
  A goblin (D:1)
  A hobgoblin (D:1)
  2 ball pythons (D:1)
  A frilled lizard (D:1)
  2 kobolds (D:1)
  5 rats (D:1)
23 creatures vanquished.

Notes
Turn   | Place    | Note
-------+----------+-------------------------------------------
     0 | D:1      | Essalna the Demonspawn Conjurer began the quest for the
                  | Orb.
     0 | D:1      | Reached XP level 1. HP: 13/13 MP: 3/3
   146 | D:1      | Gained mutation: You sometimes gain a little power by
                  | taking damage. [demonic ancestry]
   146 | D:1      | Reached XP level 2. HP: 19/19 MP: 0/5
   939 | D:2      | Gained mutation: You have a pair of small antennae on your
                  | head. [demonic ancestry]
   939 | D:2      | Reached XP level 3. HP: 24/24 MP: 2/7
   977 | D:$      | Got out of the dungeon alive.

Illustrated notes

Levels and vault maps discovered:
D:1:      lightli_molten_gateway, layout_rooms
D:2:      kennysheep_six_static_rooms, layout_basic,
          hellmonk_ecumenical_altar_slurped_away, basic_altar, uniq_natasha

Action                     || total
---------------------------++-------
  Melee: Unarmed           ||    16
         Short sword       ||     4
   Cast: Magic Dart        ||    44
 Armour: Robe              ||    11
  Dodge: Dodged            ||     5

Table legend: (Time is in decaauts)
 A = Elapsed time spent in this place.
 B = Non-inter-level travel time spent in this place.
 C = Inter-level travel time spent in this place.
 D = Time resting spent in this place.
 E = Time spent auto-exploring this place.
 F = Levels seen in this place.
 G = Mean time per level.
                   A        B        C        D        E       F      G
               +--------+--------+--------+--------+--------+-----+--------+
         Total |    976 |    891 |     85 |      0 |    764 |   2 |  488.0 |
       Dungeon |    976 |    891 |     85 |      0 |    764 |   2 |  488.0 |
               +--------+--------+--------+--------+--------+-----+--------+

Top non-repeatable levels by time:
     D:1: 972 daAuts
     D:2: 4 daAuts
